 Dungeon Crawl Stone Soup version 0.23-a0-350-g6fd5563 (webtiles) character file.

57 namelastname112 the Skirmisher (level 3, -2/31 HPs)
             Began as a Draconian Wanderer on Oct 20, 2018.
             Slain by an orc priest
             ... wielding a +0 club
              (3 damage)
             ... on level 2 of the Dungeon.
             The game lasted 00:02:22 (1218 turns).

namelastname112 the Skirmisher (Draconian Wanderer) Turns: 1218, Time: 00:02:23

Health: -2/31      AC:  5    Str: 15    XL:     3   Next: 73%
Magic:  6/6        EV: 12    Int: 10    God:
Gold:   100        SH:  0    Dex: 12    Spells: 6/6 levels left

rFire    . . .     SeeInvis .   b - +0 shortbow
rCold    . . .     Gourm    .   (shield currently unavailable)
rNeg     . . .     Faith    .   (armour unavailable)
rPois    .         Spirit   .   (helmet restricted)
rElec    .         Reflect  .   (no cloak)
rCorr    .         Harm     .   (no gloves)
MR       .....                  (no boots)
Stlth    ++........             (no amulet)
HPRegen  0.10/turn              (no ring)
MPRegen  0.10/turn              (no ring)

@: no status effects
A: unfitting armour, cold-blooded, AC +5
a: no special abilities


You were on level 2 of the Dungeon.
You were not hungry.

You visited 1 branch of the dungeon, and saw 2 of its levels.

You collected 100 gold pieces.

Inventory:

Hand Weapons
 b - a +0 shortbow (weapon)
 l - a +0 spear
Missiles
 c - 22 arrows (quivered)
Jewellery
 e - an uncursed ring of protection from cold {unknown}
 g - an uncursed ring of fire {unknown}
Scrolls
 a - a scroll of teleportation {unknown}
 h - a scroll of amnesia {unknown}
 j - a scroll of fog {unknown}
 k - a scroll of magic mapping {unknown}
 m - a scroll of enchant armour {unknown}
 n - a scroll of enchant weapon {unknown}
Potions
 d - 2 potions of lignification
 i - a potion of degeneration {unknown}
 o - a potion of heal wounds {unknown}
 p - a potion of flight {unknown}
Comestibles
 f - a ration


   Skills:
 + Level 3.3 Fighting
 * Level 1.5 Bows
 - Level 1.0 Throwing
 + Level 1.9 Dodging
 - Level 1.0 Stealth
 - Level 2.0 Spellcasting
   Level 2.0 Conjurations
   Level 1.0 Necromancy


You had 6 spell levels left.
You didn't know any spells.
Your spell library contained the following spells:

 Spells                   Type           Power        Failure   Level  Hunger
 Magic Dart               Conj           #...         14%         1    ##.....
 Searing Ray              Conj           #.....       21%         2    ###....
 Dazzling Spray           Conj/Hex       #.....       52%         3    ####...
 Iskenderun's Mystic Bla  Conj           #.......     80%         4    #####..
 Force Lance              Conj/Tloc      #.......     90%         4    #####..
 Fulminant Prism          Conj/Hex       #.........   90%         4    #####..


Dungeon Overview and Level Annotations

Branches:
Dungeon (2/15)

Altars:


Innate Abilities, Weirdness & Mutations

Your plain brown scales are hard. (AC +5)
You cannot fit into any form of body armour.
You are cold-blooded and may be slowed by cold attacks.


Message History

Firing (i - inventory)
c - 25 arrows (quivered)
Press: ? - help, Shift-Dir - straight line, f/p - orc priest
Aim: an orc priest, wielding a +0 club and wearing a +0 leather armour You shoot an arrow.
The arrow hits the orc priest!
The orc priest is severely wounded.
Firing (i - inventory)
c - 24 arrows (quivered)
Press: ? - help, Shift-Dir - straight line, f/p - orc priest
Aim: an orc priest, wielding a +0 club and wearing a +0 leather armour You shoot an arrow.
The arrow closely misses the orc priest.
The orc priest hits you with a +0 club.
* * * LOW HITPOINT WARNING * * *
You take 4 damage, and have 1/31 hp.
Firing (i - inventory)
c - 23 arrows (quivered)
Press: ? - help, Shift-Dir - straight line, f/p - orc priest
Aim: an orc priest, wielding a +0 club and wearing a +0 leather armour You shoot an arrow.
The arrow hits the orc priest.
The orc priest is almost dead.
The orc priest hits you with a +0 club.
You die...

.( #[ #(# .( #(###
.(. #o## #@.# #
########.#.#####
................
######.#..#....
#.#..# #.
############.#....
#.)........#.##.###
.# #..........#.#
.. ..###
#............# #.##
.....


You could see an orc priest.

Vanquished Creatures
  A gnoll (D:1)
  An ooze (D:1)
  A leopard gecko (D:1)
  2 orcs (D:2)
  9 bats
  5 goblins
  2 hobgoblins (D:1)
  A quokka (D:2)
  4 frilled lizards
  2 kobolds
  16 rats (D:1)
44 creatures vanquished.

Notes
Turn   | Place    | Note
-------+----------+-------------------------------------------
     0 | D:1      | namelastname112 the Draconian Wanderer began the quest for
                  | the Orb.
     0 | D:1      | namelastname112 set off with: a +0 shortbow, 25 arrows, a
                  | potion of lignification, a ration
     0 | D:1      | Reached XP level 1. HP: 17/17 MP: 3/3
    38 | D:1      | Reached skill level 1 in Dodging
    38 | D:1      | Reached XP level 2. HP: 14/25 MP: 5/5
   353 | D:1      | Reached skill level 3 in Fighting
   445 | D:1      | Reached XP level 3. HP: 31/31 MP: 6/6
  1217 | D:2      | HP: 1/31 [orc priest/+0 club (4)]
  1218 | D:2      | Slain by an orc priest

Vault maps used:
D:1:      erik_arrival_orb_chamber

Skill      XL: |  1  2 |
---------------+-------+-----
Dodging        | 1 |  1.9
Fighting       | 3 |  3.3
Bows           | |  1.5
Throwing       | |  1.0
Stealth        | |  1.0
Spellcasting   | |  2.0
Conjurations   | |  2.0
Necromancy     | |  1.0

Action                   || total
-------------------------++-------
Melee: Spear             ||    28
       Tailslap          ||     2
 Fire: Shortbow          ||    87
 Stab: Sleeping          ||     1
  Eat: Chunk             ||     1
Armor: Skin              ||    18
Dodge: Dodged            ||    36

Table legend:
 A = Non-vault XP
 B = Vault XP
 C = Vault XP percentage of total XP
 D = Non-vault monster count
 E = Vault monster count
 F = Vault count percentage of total count
                 A         B        C        D         E       F
            +---------+---------+-------+---------+---------+-------
      Total |      70 |      12 |  14.6 |      32 |      12 |  27.3
            +---------+---------+-------+---------+---------+-------
        D:1 |      54 |      12 |  18.2 |      24 |      12 |  33.3
        D:2 |      16 |       0 |   0.0 |       8 |       0 |   0.0
            +---------+---------+-------+---------+---------+-------
